 Dungeon Crawl Stone Soup version 0.30-a0-223-gcb0039aa0c (webtiles) character file.

Game seed: 14239810403421555016

335646 Pooter the Executioner (level 20, -21/193 HPs)
             Began as a Minotaur Berserker on Oct 7, 2022.
             Was a High Priest of Trog.
             Killed from afar by Margery (56 damage)
             ... with a bolt of fire
             ... while paralysed by an air elemental
             ... on level 1 of the Crypt on Oct 9, 2022.
             The game lasted 05:03:45 (61220 turns).

Pooter the Executioner (Minotaur Berserker)        Turns: 61220, Time: 05:03:45

Health: -21/193    AC: 30    Str: 36    XL:     20   Next: 97%
Magic:  19/19      EV:  2    Int:  9    God:    Trog [*****.]
Gold:   499        SH:  0    Dex: 19    Spells: 19/19 levels left

rFire   . . .      SeeInvis .    K - +4 executioner's axe (vorpal)
rCold   . . .      Faith    .    (shield currently unavailable)
rNeg    . . .      Spirit   .    c - +8 plate armour of Beat {rCorr Int+4 Dex+4}
rPois   .          Reflect  +    (helmet restricted)
rElec   .          Harm     .    Y - +1 cloak of Starlight {*Dazzle EV+4 Stlth--}
rCorr   +          Rampage  .    J - +2 pair of gloves {Dex+3}
Will    +++..                    (no boots)
Stlth   ..........               U - amulet of reflection
HPRegen 1.52/turn                O - +6 ring of strength
MPRegen 0.16/turn                E - +4 ring of slaying

@: paralysed, mighty, strong-willed (expiring), on berserk cooldown,
regenerating (expiring), slowed, studying Armour, invisible
A: horns 2, retaliatory headbutt, strong 1, wild magic 1
}: 2/15 runes: barnacled, gossamer
a: Renounce Religion, Berserk, Trog's Hand, Brothers in Arms


You were on level 1 of the Crypt.
You worshipped Trog.
Trog was extremely pleased with you.
You visited 9 branches of the dungeon, and saw 39 of its levels.
You visited 1 bazaar.
You also visited: Wizlab.

You collected 4544 gold pieces.
You spent 4045 gold pieces at shops.

Inventory:

Hand Weapons
 a - the +8 battleaxe of Duymujit {drain, rPois rF+ Str+3 Dex+4}
   (You found it on level 4 of the Shoals)

   A truly terrible weapon, it drains the life of any living foe it strikes.
   Str:       It affects your strength (+3).
   Dex:       It affects your dexterity (+4).
   rF:        It protects you from fire.
   rPois:     It protects you from poison.
 b - a +3 arbalest of freezing
   (You took it off an orc warrior on level 7 of the Dungeon)
 K - a +4 vorpal executioner's axe (weapon)
   (Trog gifted it to you on level 15 of the Dungeon)
 Q - a +3 arbalest of flaming
   (You found it on level 3 of the Elven Halls)
 Z - the +5 glaive of the Guard {elec, spectral, AC+5}
   (You took it off a deep elf zephyrmancer on level 3 of the Elven Halls)

   It occasionally discharges a powerful burst of electricity upon striking a
   foe.
   When it strikes, its spirit leaps out and fights alongside the wielder.
   AC:        It affects your AC (+5).
Missiles
 n - 9 curare-tipped darts
 r - 12 javelins
 w - 40 boomerangs (quivered)
 H - 16 atropa-tipped darts
 L - 10 silver javelins
 V - 4 datura-tipped darts
Armour
 c - the +8 plate armour of Beat (worn) {rCorr Int+4 Dex+4}
   (You bought it in a shop on level 4 of the Shoals)

   Int:       It affects your intelligence (+4).
   Dex:       It affects your dexterity (+4).
   rCorr:     It protects you from acid and corrosion.
 h - a +2 cloak of poison resistance
   (You found it on level 3 of the Dungeon)
 m - a +2 pair of boots of flying
   (You bought it in a shop on level 1 of the Elven Halls)
 J - a +2 pair of gloves of dexterity (worn)
   (You found it on level 5 of the Dungeon)
 Y - the +1 cloak of Starlight (worn) {*Dazzle EV+4 Stlth--}
   (You found it on level 13 of the Dungeon)

   It may blind those who miss an attack against the wearer in melee combat.
   EV:        It affects your evasion (+4).
   Stlth:     It makes you much less stealthy.
Jewellery
 C - the ring "Fumm" {rCorr MP+9 Str+2 Dex+6}
   (You found it on level 3 of the Shoals)

   [ring of dexterity]

   Str:       It affects your strength (+2).
   Dex:       It affects your dexterity (+6).
   MP:        It affects your magic capacity (+9).
   rCorr:     It protects you from acid and corrosion.
 E - a +4 ring of slaying (right hand)
   (You bought it in a shop on level 1 of the Orcish Mines)
 F - the ring "Ruimaoth" {rF+ EV+4 Dex+2}
   (You took it off a deep elf zephyrmancer on level 3 of the Elven Halls)

   [ring of evasion]

   EV:        It affects your evasion (+4).
   Dex:       It affects your dexterity (+2).
   rF:        It protects you from fire.
 G - an amulet of guardian spirit
   (You found it on level 1 of the Lair of Beasts)
 I - a ring of protection from cold
   (You found it on level 3 of the Spider Nest)
 M - a +4 ring of evasion
   (You found it on level 1 of the Shoals)
 N - a ring of positive energy
   (You found it on level 3 of the Lair of Beasts)
 O - a +6 ring of strength (left hand)
   (You bought it in a shop on level 2 of the Orcish Mines)
 P - a ring of poison resistance
   (You found it on level 3 of the Spider Nest)
 U - an amulet of reflection (around neck)
   (You bought it in a shop on level 2 of the Orcish Mines)
Wands
 f - a wand of flame (23)
   (You found it on level 1 of the Shoals)
 i - a wand of light (10)
   (You found it in a wizard's laboratory)
 u - a wand of paralysis (3)
   (You took it off Maurice on level 8 of the Dungeon)
 B - a wand of roots (21)
   (You found it on level 5 of the Dungeon)
 D - a wand of digging (2)
   (You found it on level 3 of the Dungeon)
 T - a wand of polymorph (7)
   (You found it on level 5 of the Dungeon)
Scrolls
 d - 2 scrolls of silence
 k - 4 scrolls of fear
 p - 9 scrolls of immolation {!r}
 t - 14 scrolls of teleportation {@r4}
 z - 8 scrolls of poison {!r}
 S - a scroll of fog
 W - a scroll of summoning
 X - 3 scrolls of magic mapping
Potions
 e - a potion of invisibility
 g - 8 potions of attraction {!q}
 j - 18 potions of curing {@q1}
 l - 7 potions of heal wounds {@q2}
 o - 12 potions of haste {@q3}
 q - 2 potions of resistance
 v - 2 potions of might
 x - 10 potions of lignification {!q}
 y - 2 potions of mutation {!q}
 R - 2 potions of cancellation
Miscellaneous
 s - a box of beasts (inert)
   (You found it on level 4 of the Shoals)


   Skills:
 + Level 19.8 Fighting
 - Level 24.0(24.5) Axes
 + Level 9.7(18.2) Polearms
 - Level 18.0 Ranged Weapons
 - Level 9.8 Throwing
 + Level 14.0 Armour
 + Level 13.0 Dodging
 + Level 11.0 Stealth
 - Level 9.0 Evocations


You had 19 spell levels left.
You didn't know any spells.
Your spell library was empty.

Dungeon Overview and Level Annotations

Branches:
Dungeon (15/15)            Temple (0/1) D:5            Lair (5/5) D:8
 Shoals (4/4) Lair:3       Spider (4/4) Lair:2        Slime (0/5) Lair:5
    Orc (2/2) D:10            Elf (3/3) Orc:2        Vaults (3/5) D:14
  Crypt (2/3) Vaults:3     Depths (1/4) D:15         WizLab (visited)

Altars:
Cheibriados
Dithmenos
Fedhas
Kikubaaqudgha
Makhleb
Trog
Wu Jian

Shops:
D:12 *   D:15 (   Orc:1 *=(   Orc:2 *=(*[   Elf:1 [   Shoals:1 :   Shoals:4 *
Vaults:1 :[   Vaults:3 =

Portals:
Trove: D:14 (give 2 scrolls of acquirement)

Annotations:
D:14 2 transporters, exclusion: obsidian statue, Jappaos's ghost, journeyman GnWn
Elf:2 3 runed translucent doors
Vaults:1 2 transporters
Crypt:1 Margery; Sojobo


Innate Abilities, Weirdness & Mutations

You have a pair of horns on your head.
You reflexively headbutt those who attack you in melee.
Your muscles are strong. (Str +4, Int/Dex -1)
Your spells are a little harder to cast, but a little more powerful.


Message History

* * * LOW HITPOINT WARNING * * *
Margery barely misses you. Sojobo casts a spell at you.
The bolt of lightning misses you.
The air elemental fires a burst of electricity at you.
The stunning burst misses you.
The hell knight prays to its god.
The hell knight seems to speed up.
The wraith completely misses you. The hell knight closely misses you.
Margery hits you but does no damage.
Sojobo gestures wildly while chanting.
The air elemental closely misses you.
You climb upwards.
The air elemental disappears in a puff of smoke! x4
There is a stone staircase leading down here.
You open the lid... ...and a juvenile batshock beast flies out!
The box is emptied!
You feel the effects of Trog's Hand fading.
The wraith hits you.
* * * LOW HITPOINT WARNING * * *
The wraith drains your vigour!
You feel as though you will be slow longer.
Margery closely misses you.
Sojobo conjures a fierce blast of wind!
You are blown backwards!
The wraith and Margery are blown away by the wind.
You fade into invisibility!
Your juvenile batshock beast misses Sojobo.
Sojobo mumbles some strange words.
Margery points at you and mumbles some strange words.
The bolt of fire misses you.
Your juvenile batshock beast bursts into living lightning!
The living lightning hits Sojobo!!
Your juvenile batshock beast blinks!
You feel very mighty all of a sudden.
Sojobo's soul is no longer bound.
The air elemental fires a burst of electricity at you.
The stunning burst hits you but does no damage.
You suddenly lose the ability to move!
The air elemental fires a burst of electricity at you.
The stunning burst hits you but does no damage.
Your juvenile batshock beast bursts into living lightning!
The living lightning hits Sojobo.
Your juvenile batshock beast blinks!
Margery gestures at you while chanting. The bolt of fire hits you!!
* * * LOW HITPOINT WARNING * * *
Margery gestures at you while chanting. The bolt of fire hits you!!!
You die...

#..........#.....#.....#..).###
###.##...........................
...........#.......H.......######
##..######.#......Q........# #
#..# ##.#....E>.........# #######
#..#...E>....^.....# ###...#
#.##...............# ......#
#.###...EW........####### ##....#
#.###...@@.......## #...# ......#
#.##ยง.#####.#.#######...#
#########.#..## #.#........[...
#######.....#######.#########...#
.................................
######....########..###.........#
##...### #.####.........# ##..#.#
#####[#............# ##..##.#
###...[<...#.........#


You could see Margery, Sojobo (repels missiles, distracted, ally target), 3 air
elementals, a wraith and a friendly juvenile batshock beast (summoned).

Vanquished Creatures
  Saint Roka (Orc:1)
  Nikola (Spider:1)
  Jorgrun (Shoals:1)
  Asterion (Spider:4)
  A sphinx (Vaults:2)
  4 deep elf blademasters (Elf:3)
  6 deep elf master archers
  Frances (D:13)
  An ancient champion (Crypt:1)
  Polyphemus (Shoals:4)
  A tengu reaver (Crypt:2)
  3 thorn hunters (WizLab)
  Agnes (Spider:3)
  Ilsuiw (Shoals:4)
  Donald (Orc:2)
  3 fenstrider witches (WizLab)
  A frost giant (Shoals:4)
  6 deep elf sorcerers (Elf:3)
  10 emperor scorpions
  6 vault wardens
  5 ghost moths
  9 deep elf elementalists (Elf:3)
  An orc warlord (Orc:2)
  9 ironbound preservers
  10 very ugly things
  2 stone giants (Depths:1)
  4 ironbound thunderhulks
  6 deep elf demonologists
  A vampire knight (Crypt:1)
  2 war gargoyles (Vaults:2)
  An eleionoma (WizLab)
  11 deep elf annihilators (Elf:3)
  15 dire elephants
  A spark wasp (Spider:4)
  A jiangshi (Crypt:1)
  An eidolon (Crypt:1)
  The ghost of Tuopn the Fighter, a journeyman OpFE of Gozag (D:13)
  Snorg (Orc:2)
  3 entropy weavers
  5 deep elf death magi
  A shambling mangrove (WizLab)
  7 yaktaur captains
  6 great orbs of eyes
  6 merfolk javelineers
  9 merfolk impalers
  Josephine (D:13)
  6 deep elf high priests
  7 hydras
  A peacekeeper (Vaults:2)
  2 vault guards
  3 ironbound frosthearts
  An ogre mage (D:15)
  Harold (Lair:1)
  20 centaur warriors
  A merfolk avatar (Shoals:4)
  4 catoblepae
  4 boulder beetles
  4 satyrs
  An alligator snapping turtle (Shoals:4)
  A bennu skeleton (Crypt:1)
  11 two-headed ogres
  13 dancing weapons
  A death scarab (Spider:4)
  2 vampire magi (Crypt:1)
  12 death yaks
  4 naga sharpshooters (WizLab)
  A deep troll earth mage (Vaults:1)
  3 orc high priests (Orc:2)
  6 deep elf knights
  3 soul eaters
  A goliath frog (Lair:5)
  A death drake (Spider:4)
  A shadow wraith (Crypt:2)
  2 skeletal warriors (Crypt:1)
  10 sea snakes
  A spark wasp zombie (Crypt:1)
  5 pharaoh ants
  10 steelbarb worms
  6 orb spiders
  23 deep trolls
  10 deep elf archers
  3 wizards
  6 ironbound convokers
  3 phantasmal warriors
  7 harpies
  21 deep elf zephyrmancers
  4 necromancers
  7 lindwurms
  A wolf spider zombie (Crypt:1)
  27 deep elf pyromancers
  4 orc knights (Orc:2)
  22 wolf spiders
  A fire giant zombie (Crypt:1)
  2 oklob plants (WizLab)
  7 orc sorcerers
  5 ugly things
  15 manticores
  9 fauns
  7 cyclopes
  11 merfolk sirens
  3 black mambas
  Maurice (D:8)
  5 torpor snails
  2 moths of wrath (Spider:4)
  3 water nymphs
  2 centaur skeletons (D:15)
  A guardian serpent (shapeshifter) (Elf:1)
  2 naga magi (D:15)
  15 vault sentinels
  A black mamba (shapeshifter) (D:14)
  17 cane toads
  An unseen horror (D:10)
  A gargoyle (D:12)
  31 yaktaurs
  4 demonic crawlers (Spider:1)
  2 rime drakes (Lair:3)
  5 komodo dragons
  A kobold demonologist (D:13)
  A human zombie (Vaults:2)
  A freezing wraith (Crypt:1)
  2 ice devils (D:13)
  A yaktaur skeleton (Vaults:2)
  A queen bee (D:13)
  19 merfolk
  6 trolls
  3 meliai (D:13)
  A polar bear (Lair:5)
  A wolf spider simulacrum (D:13)
  26 tarantellas
  35 blink frogs
  A wind drake (shapeshifter) (D:14)
  14 wind drakes
  Grinder (D:5)
  15 slime creatures
  9 snapping turtles
  3 tyrant leeches (Lair:5)
  15 dream sheep
  Sigmund (D:2)
  A stone giant simulacrum (Vaults:2)
  4 centaur simulacra (D:13)
  7 air elementals
  26 jumping spiders
  3 shadows
  23 water elementals
  2 vampires
  8 wraiths
  9 wyverns
  18 culicivoras
  37 yaks
  3 fire elementals
  9 basilisks
  10 vampire mosquitoes
  3 steam dragons
  44 redbacks
  Menkaure (D:7)
  2 wargs
  4 acid dragons
  20 water moccasins
  3 ice beasts
  41 orc warriors
  A meliai simulacrum (D:13)
  A swamp drake (D:10)
  A sky beast (D:7)
  A hornet zombie (D:15)
  6 ogres
  11 wolves
  14 centaurs
  A manticore skeleton (Crypt:2)
  A blink frog skeleton (Crypt:2)
  2 kobold brigands
  2 phantoms
  A necrophage (D:7)
  21 bullfrogs
  3 gnoll sergeants
  A human skeleton (Vaults:2)
  An earth elemental (Elf:2)
  4 scorpions
  A cyclops zombie (Crypt:1)
  An entropy weaver simulacrum (Vaults:2)
  12 wights
  A komodo dragon skeleton (Crypt:1)
  42 killer bees
  A shapeshifter skeleton (Crypt:1)
  2 electric eels
  4 howler monkeys
  2 jellies
  7 hounds
  2 gnoll boudas
  25 orc priests
  5 iguanas
  20 orc wizards
  An ogre zombie (Crypt:1)
  Robin (D:2)
  7 adders
  18 gnolls
  A river rat (D:9)
  A shadow imp (D:6)
  2 white imps (D:6)
  2 ufetubi
  A worm (D:2)
  4 dart slugs
  114 orcs
  3 ball pythons
  4 bats
  3 endoplasms
  6 giant cockroaches
  7 hobgoblins
  13 jackals
  12 kobolds
  9 quokkas
  5 frilled lizards
  11 goblins
  A goblin skeleton (Crypt:2)
  4 rats
  A spectral kobold (D:1)
  3 briar patches (WizLab)
1476 creatures vanquished.

Vanquished Creatures (collateral kills)
  A centaur warrior (WizLab)
  A deep elf pyromancer (Elf:3)
  A rime drake (D:13)
  A yaktaur (WizLab)
  A centaur simulacrum (D:13)
  A meliai simulacrum (D:13)
6 creatures vanquished.

Vanquished Creatures (others)
  An eleionoma (WizLab)
  A deep elf knight (Elf:3)
  A yaktaur (WizLab)
  A jumping spider (Spider:1)
  A briar patch (WizLab)
  39 fungi
  130 plants
  6 withered plants (D:14)
180 creatures vanquished.

Grand Total: 1662 creatures vanquished

Notes
Turn   | Place    | Note
-------+----------+-------------------------------------------
     0 | D:1      | Pooter the Minotaur Berserker began the quest for the Orb.
     0 | D:1      | Reached XP level 1. HP: 19/19 MP: 0/0
   112 | D:1      | Found a faded altar of an unknown god.
   167 | D:1      | Reached skill level 4 in Axes
   288 | D:1      | Reached XP level 2. HP: 27/27 MP: 1/1
   722 | D:1      | Reached XP level 3. HP: 28/33 MP: 2/2
   892 | D:2      | Reached skill level 5 in Axes
   991 | D:2      | Reached XP level 4. HP: 28/41 MP: 3/3
  1046 | D:2      | Identified the +10 sling of Salt {venom, rF+ rN+}
  1073 | D:2      | Reached ** piety under Trog
  1116 | D:2      | Noticed Robin
  1120 | D:2      | Killed Robin
  1263 | D:2      | Noticed Sigmund
  1273 | D:2      | Killed Sigmund
  1274 | D:2      | Reached skill level 5 in Fighting
  1274 | D:2      | Reached skill level 6 in Axes
  1274 | D:2      | Reached XP level 5. HP: 48/48 MP: 4/4
  1274 | D:2      | Reached XP level 6. HP: 56/56 MP: 5/5
  1543 | D:2      | Found a bloodstained altar of Trog.
  1875 | D:3      | Found a snail-covered altar of Cheibriados.
  2695 | D:4      | Reached skill level 7 in Axes
  2736 | D:4      | Reached XP level 7. HP: 62/62 MP: 6/6
  2786 | D:4      | Found a shadowy altar of Dithmenos.
  3013 | D:4      | Reached skill level 8 in Axes
  3229 | D:4      | Reached skill level 5 in Ranged Weapons
  3465 | D:5      | Entered Level 5 of the Dungeon
  3621 | D:5      | Reached *** piety under Trog
  3751 | D:5      | Reached XP level 8. HP: 71/71 MP: 7/7
  3841 | D:5      | Found a staircase to the Ecumenical Temple.
  3908 | D:5      | Reached skill level 9 in Axes
  4027 | D:5      | Noticed Grinder
  4032 | D:5      | Killed Grinder
  4033 | D:5      | Reached skill level 1 in Evocations
  4072 | D:5      | Found a burning altar of Makhleb.
  4318 | D:5      | Reached XP level 9. HP: 64/79 MP: 8/8
  4775 | D:6      | Reached skill level 10 in Axes
  5620 | D:7      | Noticed Menkaure
  5627 | D:7      | Killed Menkaure
  5627 | D:7      | Reached **** piety under Trog
  5865 | D:7      | Reached skill level 11 in Axes
  6034 | D:7      | Noticed a two-headed ogre
  6050 | D:7      | Killed a two-headed ogre
  6051 | D:7      | Reached XP level 10. HP: 90/90 MP: 9/9
  6954 | D:8      | Noticed Maurice
  6966 | D:8      | Killed Maurice
  7088 | D:8      | Reached skill level 12 in Axes
  7148 | D:8      | Reached skill level 10 in Ranged Weapons
  7453 | D:8      | Found a staircase to the Lair.
  7608 | D:8      | Reached XP level 11. HP: 97/97 MP: 10/10
  7930 | D:8      | Reached skill level 13 in Axes
  8056 | D:9      | Reached skill level 5 in Evocations
  8659 | D:9      | Reached skill level 10 in Fighting
  8743 | D:9      | Noticed a two-headed ogre
  8750 | D:9      | Killed a two-headed ogre
  9332 | D:10     | Entered Level 10 of the Dungeon
  9332 | D:10     | Found a blossoming altar of Fedhas.
  9970 | D:10     | Found a staircase to the Orcish Mines.
 10012 | Orc:1    | Entered Level 1 of the Orcish Mines
 10012 | Orc:1    | Found Ilifutei's Weapon Emporium.
 10341 | Orc:1    | You fall into a shaft and drop 1 floor!
 10341 | Orc:2    | Entered Level 2 of the Orcish Mines
 10341 | Orc:2    | Noticed an orc sorcerer
 10350 | Orc:2    | Killed an orc sorcerer
 10351 | Orc:2    | Reached skill level 14 in Axes
 10351 | Orc:2    | Noticed a two-headed ogre
 10363 | Orc:2    | Killed a two-headed ogre
 10495 | Orc:2    | Noticed an orc sorcerer
 10503 | Orc:2    | Noticed Saint Roka
 10533 | Orc:2    | Killed an orc sorcerer
 10851 | Orc:1    | Killed Saint Roka
 10852 | Orc:1    | Reached XP level 12. HP: 59/108 MP: 11/11
 11017 | Orc:2    | Found a staircase to the Elven Halls.
 11041 | Orc:2    | Found Dojase's Specific Store.
 11044 | Orc:2    | Found Syecvalo's General Store.
 11050 | Orc:2    | Bought a potion of curing for 36 gold pieces
 11050 | Orc:2    | Noticed Snorg
 11062 | Orc:2    | Killed Snorg
 11067 | Orc:2    | Bought a potion of lignification for 36 gold pieces
 11067 | Orc:2    | Bought a potion of heal wounds for 60 gold pieces
 11067 | Orc:2    | Bought a potion of heal wounds for 60 gold pieces
 11258 | Orc:2    | Noticed Donald
 11275 | Orc:1    | Found Vusocirgh's Jewellery Emporium.
 11301 | Orc:1    | Found Jaky's General Store.
 11317 | Orc:1    | Bought a scroll of identify for 32 gold pieces
 11317 | Orc:1    | Bought a scroll of poison for 64 gold pieces
 11798 | Orc:2    | Noticed an orc high priest
 11807 | Orc:2    | Killed an orc high priest
 11808 | Orc:2    | Reached skill level 15 in Axes
 11915 | Orc:2    | Noticed an orc high priest
 11925 | Orc:2    | Killed an orc high priest
 11926 | Orc:2    | Reached skill level 5 in Armour
 11957 | Orc:2    | Noticed an orc high priest
 11965 | Orc:2    | Killed an orc high priest
 12205 | Orc:2    | Noticed an orc warlord
 12219 | Orc:2    | Killed an orc warlord
 14386 | Orc:2    | Paralysed by an orc sorcerer for 3 turns
 14500 | Orc:2    | Found Anops's Antique Armour Shop.
 14501 | Orc:2    | Found Seleaf's Antique Weapon Shop.
 14503 | Orc:2    | Found Nacoaxet's General Store.
 14503 | Orc:2    | Found Xopnim's Jewellery Boutique.
 14508 | Orc:2    | Bought a scroll of identify for 26 gold pieces
 14508 | Orc:2    | Bought 2 scrolls of blinking for 195 gold pieces
 14643 | Orc:2    | Killed Donald
 14644 | Orc:2    | Reached XP level 13. HP: 46/117 MP: 12/12
 15141 | Orc:2    | Bought an amulet of reflection for 390 gold pieces
 15141 | Orc:2    | Bought a ring of flight for 227 gold pieces
 15909 | Lair:1   | Entered Level 1 of the Lair of Beasts
 15909 | Lair:1   | Noticed Harold
 15916 | Lair:1   | Killed Harold
 15950 | Lair:1   | Reached skill level 16 in Axes
 16373 | Orc:2    | Bought a +6 ring of strength for 468 gold pieces
 17395 | Lair:2   | Found a blossoming altar of Fedhas.
 18208 | Lair:2   | Found a hole to the Spider Nest.
 19038 | Lair:3   | Reached skill level 17 in Axes
 19296 | Lair:3   | Found a staircase to the Shoals.
 19686 | Lair:3   | Reached skill level 15 in Ranged Weapons
 19980 | Lair:4   | Reached XP level 14. HP: 127/127 MP: 13/13
 20252 | Lair:4   | Reached ***** piety under Trog
 20763 | Lair:4   | You fall into a shaft and drop 1 floor!
 20763 | Lair:5   | Entered Level 5 of the Lair of Beasts
 21663 | Lair:5   | Reached skill level 18 in Axes
 22166 | Lair:5   | Identified the +4 great mace of Xutoca {pain, rCorr}
 22172 | Lair:5   | Identified the +4 leather armour of the Depths {MP+9 Int-2
                  | SInv}
 22501 | Lair:5   | Found a staircase to the Slime Pits.
 23851 | D:12     | Found Vumim's Assorted Antiques.
 24139 | D:13     | Found a runed translucent gate.
 24139 | D:13     | Found a runed translucent gate.
 24139 | D:13     | Found a runed translucent gate.
 24175 | D:13     | Noticed Josephine
 24190 | D:13     | Killed Josephine
 24366 | D:13     | Reached skill level 1 in Throwing
 24401 | D:13     | Reached ****** piety under Trog
 24402 | D:13     | Reached XP level 15. HP: 78/136 MP: 14/14
 24595 | D:13     | Noticed Tuopn's ghost (journeyman OpFE)
 24597 | D:13     | Found the +1 cloak of Starlight {*Dazzle EV+4 Stlth--}
 24639 | D:13     | Found an ancient bone altar of Kikubaaqudgha.
 24724 | D:13     | Noticed Frances
 24729 | D:13     | Found an ornate altar of the Wu Jian Council.
 24734 | D:13     | Killed Frances
 25423 | D:13     | Received a gift from Trog
 25476 | D:13     | Killed Tuopn's ghost
 25573 | D:14     | Found a gate to the Vaults.
 25623 | D:14     | Found a portal to a secret trove of treasure.
 25688 | D:14     | Found an ancient bone altar of Kikubaaqudgha.
 25692 | D:14     | Identified the +6 halberd of the Endless Expanse {vorpal,
                  | *Noise +Blink Stlth+}
 25707 | D:14     | Found a flickering gateway to a bazaar.
 25721 | Bazaar   | Entered a bazaar
 25735 | Bazaar   | Found Gext's Book Shoppe.
 25756 | Bazaar   | Found Plog's Weapon Shoppe.
 25772 | Bazaar   | Found Mutumothru's Weapon Shoppe.
 25772 | Bazaar   | Found Ryhem's Magic Scroll Emporium.
 25777 | Bazaar   | Bought a scroll of identify for 22 gold pieces
 25777 | Bazaar   | Bought a scroll of identify for 22 gold pieces
 25803 | Bazaar   | Bought a scroll of poison for 44 gold pieces
 25803 | Bazaar   | Bought a scroll of magic mapping for 82 gold pieces
 25803 | Bazaar   | Bought a scroll of poison for 44 gold pieces
 26033 | D:14     | Found a transporter.
 26141 | D:14     | Noticed Jappaos's ghost (journeyman GnWn)
 26305 | D:14     | Reached skill level 19 in Axes
 26364 | D:14     | Found a transporter.
 26557 | D:15     | Entered Level 15 of the Dungeon
 26826 | D:15     | Found Jinkoc's Weapon Shoppe.
 27434 | D:15     | Found a staircase to the Depths.
 27449 | D:15     | Received a gift from Trog
 27891 | Depths:1 | Entered Level 1 of the Depths
 29186 | Shoals:1 | Entered Level 1 of the Shoals
 29186 | Shoals:1 | Found Ocopoc's Book Emporium.
 29194 | Shoals:1 | Noticed Jorgrun
 29216 | Shoals:1 | Killed Jorgrun
 29220 | Lair:3   | HP: 5/139 [poisoned by a sea snake]
 29547 | Shoals:1 | Reached XP level 16. HP: 132/147 MP: 15/15
 29729 | Shoals:1 | Identified the +7 long sword of Qazlal, Transmuting {flame,
                  | rF+ Int+6}
 30246 | Shoals:1 | Reached skill level 5 in Throwing
 30404 | Shoals:1 | Upgraded the game from 0.30-a0-219-gf2db51d15e to
                  | 0.30-a0-222-ge547ba4400
 30435 | Shoals:2 | Reached skill level 20 in Axes
 30919 | Shoals:2 | Reached skill level 1 in Stealth
 31247 | Shoals:2 | Reached skill level 15 in Fighting
 32808 | Shoals:3 | Identified the ring "Fumm" {rCorr MP+9 Str+2 Dex+6}
 33527 | D:12     | Bought 2 scrolls of enchant weapon for 405 gold pieces
 33836 | Shoals:4 | Entered Level 4 of the Shoals
 33840 | Shoals:4 | Noticed Ilsuiw
 33858 | Shoals:4 | Received a gift from Trog
 34153 | Shoals:4 | Noticed Polyphemus
 34469 | Shoals:4 | Killed Polyphemus
 34540 | Shoals:4 | Identified the +8 battleaxe of Duymujit {drain, rPois rF+
                  | Str+3 Dex+4}
 34860 | Shoals:4 | Killed Ilsuiw
 35025 | Shoals:4 | Reached skill level 21 in Axes
 35506 | Shoals:4 | Reached skill level 5 in Dodging
 35810 | Shoals:4 | Reached XP level 17. HP: 60/156 MP: 16/16
 36228 | Shoals:4 | Found Notapnut's CLEARANCE SALE!.
 36247 | Shoals:4 | Bought the +8 plate armour of Beat {rCorr Int+4 Dex+4} for
                  | 277 gold pieces
 36680 | Shoals:4 | Got a barnacled rune of Zot
 36856 | Shoals:4 | Identified the +6 flail of Joyful Slaughter {venom, Dex+5}
 37002 | Spider:1 | Entered Level 1 of the Spider Nest
 37342 | Spider:1 | Noticed Nikola
 37352 | Spider:1 | Killed Nikola
 39514 | Spider:3 | Noticed Agnes
 39528 | Spider:3 | Killed Agnes
 39705 | Spider:3 | Reached skill level 5 in Stealth
 40405 | Spider:3 | Reached skill level 22 in Axes
 41483 | Spider:4 | Entered Level 4 of the Spider Nest
 41695 | Spider:4 | Noticed Asterion
 42107 | Spider:4 | Gained mutation: You are vulnerable to cold. (rC-) [a
                  | cacodemon]
 42111 | Spider:4 | Killed Asterion
 42399 | Spider:4 | Found the amulet of the Air {Inacc Air Fly rElec RMsl}
 42532 | Spider:4 | Reached XP level 18. HP: 161/168 MP: 17/17
 45631 | Spider:4 | Got a gossamer rune of Zot
 46052 | Elf:1    | Entered Level 1 of the Elven Halls
 46176 | Elf:1    | Paralysed by an air elemental for 1 turns
 46227 | Elf:1    | Reached skill level 23 in Axes
 46422 | Elf:1    | Found Hossexih's Antique Armour Shop.
 46437 | Elf:1    | Bought a pair of embroidered boots for 307 gold pieces
 46585 | Elf:1    | Identified the +1 robe of Yhyosm {Regen+}
 47049 | Elf:1    | Lost mutation: You are vulnerable to cold. (rC-) [potion of
                  | mutation]
 47049 | Elf:1    | Gained mutation: Your muscles are strong. (Str +4, Int/Dex
                  | -1) [potion of mutation]
 47049 | Elf:1    | Gained mutation: Your spells are a little harder to cast,
                  | but a little more powerful. [potion of mutation]
 47129 | Elf:2    | Found a magical portal.
 47155 | WizLab   | Entered Eringya's Formal Garden
 47514 | WizLab   | Found a blossoming altar of Fedhas.
 48197 | Elf:2    | Found a runed translucent gate.
 48197 | Elf:2    | Found a runed translucent gate.
 48197 | Elf:2    | Found a runed translucent gate.
 48552 | Elf:2    | Received a gift from Trog
 48999 | Elf:3    | Entered Level 3 of the Elven Halls
 49282 | Elf:3    | Reached XP level 19. HP: 177/177 MP: 18/18
 49285 | Elf:3    | Identified the +6 quarterstaff of Famine {spect, rF+}
 49391 | Elf:3    | Paralysed by an air elemental for 1 turns
 49420 | Elf:3    | Paralysed by an air elemental for 1 turns
 49472 | Elf:3    | Identified the +6 trident of Diet Blood {vorpal, Int+6}
 50159 | Elf:3    | Identified the ring "Ruimaoth" {rF+ EV+4 Dex+2}
 50328 | Elf:3    | Reached skill level 24 in Axes
 50377 | Elf:3    | Identified the +4 ring mail of the Ecumenical Temple {rF++
                  | MP+9}
 50775 | Elf:3    | Reached skill level 1 in Polearms
 50778 | Elf:3    | Reached skill level 10 in Dodging
 51910 | Elf:3    | Paralysed by an air elemental for 1 turns
 52872 | Elf:3    | Reached skill level 5 in Polearms
 52908 | Elf:3    | Identified the +5 quarterstaff of Greatest Utility {drain,
                  | MP+9}
 53307 | Elf:3    | Identified the +11 flail of Equilibrium {pain, Str+2}
 54015 | Elf:3    | Identified the +7 longbow "Naqets" {speed, Int+4}
 54518 | Vaults:1 | Entered Level 1 of the Vaults
 54528 | Vaults:1 | Upgraded the game from 0.30-a0-222-ge547ba4400 to
                  | 0.30-a0-223-gcb0039aa0c
 54896 | Vaults:1 | Identified the +4 chain mail of Yredelemnul's Hope {Str+5
                  | Int+2}
 55139 | Vaults:1 | Found a transporter.
 55162 | Vaults:1 | Found Rebar's Antique Armour Emporium.
 55227 | Vaults:1 | Found a transporter.
 55759 | Vaults:1 | Reached skill level 10 in Armour
 55773 | Vaults:1 | Received a gift from Trog
 55886 | Vaults:1 | Found Geitejia's Book Boutique.
 56131 | Vaults:1 | Reached XP level 20. HP: 164/189 MP: 19/19
 56708 | Vaults:2 | Reached skill level 10 in Stealth
 56752 | Vaults:2 | Received a gift from Trog
 57516 | Vaults:2 | Identified the +1 chain mail of Beogh's Approval {rCorr}
 58782 | Vaults:3 | Found Kaj Neikk's Jewellery Shoppe.
 58782 | Vaults:3 | Identified the +4 short sword of Vuzeusch {vorpal, rF+
                  | Dex+3}
 59130 | Orc:1    | Bought a +4 ring of slaying for 1248 gold pieces
 59639 | Vaults:3 | Found a staircase to the Crypt.
 59648 | Crypt:1  | Entered Level 1 of the Crypt
 60433 | Crypt:1  | Identified the +3 robe "Otugg" {rC++}
 60576 | Crypt:2  | Noticed Sojobo
 60580 | Crypt:2  | Paralysed by an air elemental for 1 turns
 60584 | Crypt:2  | Paralysed by an air elemental for 1 turns
 60593 | Crypt:2  | Paralysed by an air elemental for 1 turns
 60604 | Crypt:2  | Paralysed by an air elemental for 1 turns
 61041 | Crypt:2  | Noticed Margery
 61046 | Crypt:2  | Paralysed by an air elemental for 1 turns
 61049 | Crypt:2  | Paralysed by an air elemental for 1 turns
 61055 | Crypt:2  | Paralysed by an air elemental for 1 turns
 61211 | Crypt:2  | Paralysed by an air elemental for 1 turns
 61220 | Crypt:1  | Paralysed by an air elemental for 1 turns
 61220 | Crypt:1  | Killed from afar by Margery

Illustrated notes

Levels and vault maps discovered:
D:1:      tarquinn_simple_flora_water_e, layout_loops_ring,
          dreamdust_ecumenical_altar_drowned_temple, minmay_misc_feat_tower,
          dreamdust_princess_bridge
D:2:      layout_basic, basic_altar, kennysheep_decorative_pillar, uniq_robin,
          uniq_sigmund
D:3:      layout_loops_ring, mainiacjoe_overflow_24_doors,
          hangedman_feature_mirror, hangedman_decor_diamond_cutter
D:4:      kennysheep_six_static_rooms, layout_basic,
          grunt_dithmenos_smoke_and_mirrors
D:5:      minmay_clustersquares, layout_loops_ring, makhleb_blood_cavern_becter,
          temple_statues, minmay_misc_feat_ornament, uniq_grinder
D:6:      layout_basic, serial_co_window_serial, co_window_paths_a,
          co_window_paths_b, co_window_corner_a, co_window_of_opportunity_a,
          co_window_paths_a, co_window_corner_ca, co_window_paths_c,
          co_window_of_opportunity_b, co_window_corner_cb, co_window_broadway_c,
          co_window_of_opportunity_b, co_window_4corner_b, glass_columns_c,
          glass_columns_a, glass_columns_c, glass_columns_b, glass_columns_a,
          glass_columns_c
D:7:      layout_basic, kb_rosetta, uniq_menkaure
D:8:      layout_cave_pools, minmay_lair_entry_grove, grunt_ministairs_2,
          uniq_maurice
D:9:      minmay_s_stair_smasher, layout_irregular_city, serial_rivers,
          chequers_serial_rivers_marsh, chequers_serial_rivers_small_a,
          chequers_serial_rivers_small_b, chequers_serial_rivers_small_3,
          chequers_serial_rivers_micro_d, chequers_serial_rivers_room_b,
          hangedman_abyss_or_decor_slice
D:10:     layout_basic, fedhas_altar_1, erik_orc_1
D:11:     layout_rooms
D:12:     layout_small_grid, serial_shops, nicolae_shop_overgrown_old_shop,
          hangedman_decor_riveting
D:13:     layout_roguey, special_room [special_room_bee], gammafunk_ghost_icy,
          hangedman_feature_mirror, uniq_frances, uniq_josephine
D:14:     layout_stronghold, david_vaults_4, nicolae_trove_entry_crossroad,
          nzn_ghost_randoct, serial_shops, bzr_entry_gold,
          kiku_gazebo_garden_becter
D:15:     grunt_enter_depths_magical_seal, layout_basic, serial_shops, shop,
          minmay_misc_feat_hallway
Lair:1:   layout_regular_city, grunt_megastairs_3, lemuel_fruit_tree,
          uniq_harold
Lair:2:   layout_loops_ring, spider_nest_entry_funnel_web, basic_altar,
          serial_forest, infiniplex_forest_straight_1,
          infiniplex_forest_straight_3, infiniplex_forest_lined_corner,
          infiniplex_forest_lined_2, infiniplex_forest_side_room,
          infiniplex_forest_clump_C, infiniplex_forest_end_2,
          infiniplex_forest_lined_ring, nicolae_quartered_pool_little,
          chequers_serial_rivers_micro_a, chequers_serial_rivers_micro_d,
          dreamdust_gnoll_shepherd, infiniplex_staircase_pool_2
Lair:3:   layout_layer_cave, minmay_shoals_entry_beasts
Lair:4:   layout_regular_city
Lair:5:   minmay_lair_end_frog_pond, layout_gridlike, dpeg_slime_entry_corner
Shoals:1: layout_shoals, serial_shops, shop, uniq_jorgrun
Shoals:2: layout_shoals
Shoals:3: layout_shoals
Shoals:4: shoals_end_grunt_ice, layout_shoals, shoal_ilsuiw,
          nicolae_shop_clearance, uniq_polyphemus
Spider:1: layout_spider_delve, hellmonk_narrow_tunnel, uniq_nikola
Spider:2: layout_spider_delve
Spider:3: layout_cave_pods, uniq_agnes
Spider:4: grunt_spider_rune_circles, uniq_asterion
Orc:1:    layout_caves, serial_shops, nicolae_diamond_shop, shop,
          nicolae_shop_bloodbath_and_beyond
Orc:2:    st_orc_congregation, layout_caves, nicolae_specific_store,
          uniq_saint_roka, uniq_snorg, uniq_donald
Elf:1:    minmay_elf_arrival_summoners, layout_gridlike, serial_shops,
          nicolae_shop_overgrown_old_shop, minmay_elf_demonology
Elf:2:    elven_hall_of_blades_hangedman_original
          [nicolae_blade_entry_hurt_lockers], layout_loops_ring,
          lightli_enter_wizlab_magi_temple
Elf:3:    nooodl_elf_gasket, layout_onion_city
Vaults:1: v_misc_33, nicolae_vaults_three_branches, grunt_vaults_hallway_short,
          nicolae_vaults_angled_halls, v_pattern_1, gammafunk_the_bubble
          [the_bubble_gammafunk_split], v_misc_9,
          nicolae_vaults_stairing_the_circle, v_misc_25, vaults_room_fours,
          vaults_dpeg_encased_lava, vaults_room_fancy_cross,
          layout_vaults_big_cross, serial_shops, shop, shop
Vaults:2: ontoclasm_vaults_bender, v_rooms_6, vaults_room_stairs_pillars,
          nicolae_vaults_rhombus_7, nicolae_vaults_theta,
          vaults_standard_mumra_x, vaults_room_grunt_arrival_ludios, v_misc_3,
          hangedman_vaults_capsules, serial_ice_h,
          ontoclasm_vaults_decontamination, layout_vaults_big_room
Vaults:3: hangedman_vaults_corner_blocks, ontoclasm_vaults_misaligned,
          nicolae_vaults_network_quinsquares
          [nicolae_vaults_network_quincunx_subvault,
          nicolae_vaults_network_quincunx_subvault,
          nicolae_vaults_network_quincunx_subvault,
          nicolae_vaults_network_quincunx_subvault], gammafunk_its_a_trap,
          v_rooms_4, v_alt_pattern_5, layout_vaults_omnigrid, dummy_crypt_entry,
          serial_shops, shop
Crypt:1:  layout_rooms
Crypt:2:  layout_chaotic_city, st_chilly_death, uniq_margery, uniq_khufu,
          uniq_sojobo
Depths:1: layout_basic, vehumet_crystals, hellmonk_ghost_happy_afterlife,
          grunt_hell_entry_dis_old, minmay_misc_feat_four_crosses, zin_academy,
          serial_bayou_shore_a, uniq_aizul

Skill      XL: |  1  2  3  4  5  6  7  8  9 10 11 12 13 14 15 16 17 18 19 20 |
---------------+-------------------------------------------------------------+-----
Axes           | 4 5 6 7 8 9 11 12 14 15 17 18 19 21 22 23 24 | 24.0
Fighting       | 4 5 6 7 8 9 10 11 12 13 14 15 16 17 18 19 | 19.8
Ranged Weapons | 2 3 5 7 9 10 12 13 15 16 17 18 | 18.0
Evocations     | 1 3 4 6 7 8 9 |  9.0
Armour         | 4 6 7 9 10 14 | 14.0
Throwing       | 1 4 7 8 9 |  9.8
Stealth        | 3 6 7 9 11 | 11.0
Dodging        | 5 7 9 11 13 | 13.0
Polearms       | 6 9 |  9.7

Action                   |  1- 3 |  4- 6 |  7- 9 | 10-12 | 13-15 | 16-18 | 19-21 || total
-------------------------+-------+-------+-------+-------+-------+-------+-------++-------
Melee: Hand axe          |    78 |     9 |       |       |       |       |       ||    87
       Headbutt          |     9 |     3 |    23 |    76 |   125 |   185 |   160 ||   581
       Punch             |     1 |       |     1 |     2 |       |       |       ||     4
       War axe           |       |     5 |   132 |   119 |       |       |       ||   256
       Battleaxe         |       |       |       |   237 |   550 |   604 |   459 ||  1850
       Executioner's axe |       |       |       |       |    60 |   161 |     5 ||   226
       Glaive            |       |       |       |       |       |       |    75 ||    75
 Fire: Sling             |       |    91 |   110 |   348 |   173 |       |       ||   722
       Arbalest          |       |       |       |       |   192 |   505 |   300 ||   997
Throw: Boomerang         |       |       |       |     2 |    32 |    52 |     9 ||    95
       Dart              |       |       |       |       |     2 |     9 |     2 ||    13
Invok: Berserk           |     1 |     2 |    11 |    16 |     8 |    13 |     7 ||    58
       Trog's Hand       |       |     1 |     3 |    27 |    29 |    35 |    29 ||   124
       Brothers in Arms  |       |       |       |       |     1 |       |     1 ||     2
Evoke: Wand              |       |       |     4 |    15 |     8 |    28 |     9 ||    64
       Box of beasts     |       |       |       |       |       |     1 |     1 ||     2
  Use: Scroll            |       |       |     8 |    18 |    14 |    12 |     3 ||    55
       Potion            |       |       |     1 |     1 |     1 |    15 |     4 ||    22
 Stab: Sleeping          |     1 |       |       |       |       |       |       ||     1
       Paralysed         |       |       |       |     1 |     1 |     7 |       ||     9
       Petrifying        |       |       |       |       |     2 |     1 |       ||     3
       Invisible         |       |       |       |       |     2 |    22 |    28 ||    52
       Petrified         |       |       |       |       |       |     1 |       ||     1
       Distracted        |       |       |       |       |       |       |     3 ||     3
Armor: Animal skin       |     6 |       |       |       |       |       |       ||     6
       Scale mail        |    14 |     3 |       |       |       |       |       ||    17
       Chain mail        |       |     6 |    42 |       |       |       |       ||    48
       Plate armour      |       |       |    67 |   336 |   415 |   603 |   294 ||  1715
Dodge: Dodged            |    41 |    18 |    66 |   163 |   264 |   592 |   464 ||  1608
Block: Other             |       |       |       |       |    61 |   211 |   125 ||   397
       Reflection        |       |       |       |       |    11 |    39 |    19 ||    69

Table legend: (Time is in decaauts)
 A = Elapsed time spent in this place.
 B = Non-inter-level travel time spent in this place.
 C = Inter-level travel time spent in this place.
 D = Time resting spent in this place.
 E = Time spent auto-exploring this place.
 F = Levels seen in this place.
 G = Mean time per level.
                   A        B        C        D        E       F      G
               +--------+--------+--------+--------+--------+-----+--------+
         Total |  61653 |  58060 |   3593 |  23197 |  23865 |  41 | 1503.7 |
       Dungeon |  17367 |  15843 |   1524 |   3381 |   9386 |  15 | 1157.8 |
          Lair |   7317 |   6653 |    664 |   1501 |   4070 |   5 | 1463.4 |
        Shoals |   7129 |   6811 |    318 |   2131 |   3580 |   4 | 1782.2 |
   Spider Nest |   8881 |   8708 |    173 |   5355 |   2143 |   4 | 2220.2 |
  Orcish Mines |   5504 |   5085 |    419 |   3460 |    597 |   2 | 2752.0 |
   Elven Halls |   7341 |   7194 |    147 |   4187 |   1231 |   3 | 2447.0 |
        Vaults |   4954 |   4663 |    291 |   1503 |   2265 |   3 | 1651.3 |
         Crypt |   1336 |   1302 |     34 |    599 |    403 |   2 |  668.0 |
        Depths |    809 |    790 |     19 |    637 |      0 |   1 |  809.0 |
        Bazaar |     98 |     98 |      0 |      0 |      0 |   1 |   98.0 |
        Wizlab |    912 |    912 |      0 |    441 |    190 |   1 |  912.0 |
               +--------+--------+--------+--------+--------+-----+--------+

Top non-repeatable levels by time:
   Elf:3: 5305 daAuts
   Orc:2: 4222 daAuts
Spider:4: 3640 daAuts
Spider:3: 2822 daAuts
Shoals:4: 2408 daAuts
Vaults:2: 2048 daAuts
Shoals:3: 2037 daAuts
Vaults:1: 1813 daAuts
    D:10: 1780 daAuts
  Lair:5: 1769 daAuts
  Lair:3: 1750 daAuts
    D:15: 1670 daAuts
Shoals:2: 1632 daAuts
     D:7: 1546 daAuts
  Lair:2: 1525 daAuts
